 Dungeon Crawl Stone Soup version 0.22-a0-458-gb446440 (webtiles) character file.

358 xccam the Transmogrifier (level 6, -3/47 HPs)
             Began as a Draconian Transmuter on June 8, 2018.
             Splashed by a jelly's acid (8 damage)
             ... on level 3 of the Dungeon.
             The game lasted 00:03:58 (2536 turns).

xccam the Transmogrifier (Draconian Transmuter)     Turns: 2536, Time: 00:03:58

Health: -3/47      AC: -4    Str: 13    XL:     6   Next: 37%
Magic:  9/9        EV: 12    Int: 15    God:
Gold:   190        SH:  0    Dex: 11    Spells: 6/9 levels left

rFire    . . .     SeeInvis .     - Unarmed
rCold    . . .     Gourm    .   (no shield)
rNeg     . . .     Faith    .   (armour unavailable)
rPois    .         Spirit   .   (helmet restricted)
rElec    .         Reflect  .   (no cloak)
rCorr    .         Harm     .   f - +0 pair of gloves
MR       .....                  d - +0 pair of boots
Stlth    +.........             (no amulet)
HPRegen  0.15/turn              (no ring)
MPRegen  0.11/turn              (no ring)

@: appendage, corroded
A: unfitting armour, horns 2, cold-blooded, AC +6
a: End Transformation


You were on level 3 of the Dungeon.
You were not hungry.
You had grown temporary horns.
You visited 1 branch of the dungeon, and saw 3 of its levels.

You collected 190 gold pieces.

Inventory:

Missiles
 a - 30 arrows
Armour
 d - a +0 pair of boots (worn)
 f - a +0 pair of gloves (worn)
Wands
 l - a wand of digging (11)
Scrolls
 e - a scroll of fog
Potions
 b - 2 potions of mutation
Comestibles
 c - 2 rations
 p - a chunk of flesh


   Skills:
 - Level 1.1 Fighting
 - Level 1.7 Dodging
 - Level 6.0 Unarmed Combat
 - Level 2.0 Spellcasting
 + Level 11.9 Transmutations


You had 6 spell levels left.
You knew the following spells:

 Your Spells              Type           Power        Failure   Level  Hunger
a - Beastly Appendage     Tmut           #####.       1%          1    #......
b - Sticks to Snakes      Tmut           #####...     1%          2    ###....

Your spell library contained the following spells:

 Spells                   Type           Power        Failure   Level  Hunger
 Spider Form              Tmut/Pois      ###.......   6%          3    ###....
 Blade Hands              Tmut           #####.....   4%          5    ######.
 Ice Form                 Ice/Tmut       ###.....     19%         4    #####..


Dungeon Overview and Level Annotations

Branches:
Dungeon (3/15)

Altars:


Innate Abilities, Weirdness & Mutations

Your plain brown scales are hard. (AC +6)
You cannot fit into any form of body armour.
You are cold-blooded and may be slowed by cold attacks.
You have a pair of horns on your head.


Message History

Casting: Beastly Appendage (safe; 1% risk of failure)
Confirm with . or Enter, or press ? or * to list all spells.
You grow a pair of large bovine horns.
The jelly barely misses you.
You hit the jelly but do no damage. The acid corrodes you!
Your hands burn!
You headbutt the jelly, but do no damage.
You tail-slap the jelly, but do no damage.
The jelly is severely wounded.
The jelly hits you.
You are splashed with acid!
The acid burns!
You hit the jelly but do no damage.
Your hands burn!
The jelly is severely wounded.
The jelly hits you.
* * * LOW HITPOINT WARNING * * *
You are splashed with acid!
The acid burns!
* * * LOW HITPOINT WARNING * * *
You see here a robe.
You see here an adder corpse.
The jelly hits you.
* * * LOW HITPOINT WARNING * * *
You are splashed with acid!
The acid burns!
You die...

#..........#
########.#.#.#.#..#
..........$...##..#
######.#.##.## .#
##[###†#.###..#
#.## ##.......#
##.###.##.#####
##.#J###.#
##@.###.###########
##................
#..##.####..#
#..##.#§##..#
#..##§§§§§.#.#
#..##§#b##..##
#..##§#§##.## #..#.
......
#..#..#......


You could see a jelly.

Vanquished Creatures
  Natasha (thrice) (D:2)
  7 adders
  A leopard gecko (D:1)
  3 orcs (D:3)
  2 ball pythons
  8 goblins
  2 hobgoblins (D:1)
  7 jackals (D:2)
  4 kobolds
  A quokka (D:2)
  2 bats
  4 frilled lizards
  4 rats
48 creatures vanquished.

Notes
Turn   | Place    | Note
-------+----------+-------------------------------------------
     0 | D:1      | xccam the Draconian Transmuter began the quest for the Orb.
     0 | D:1      | Reached XP level 1. HP: 16/16 MP: 3/3
   358 | D:1      | Reached XP level 2. HP: 23/23 MP: 5/5
   913 | D:2      | Reached XP level 3. HP: 14/28 MP: 6/6
  1160 | D:2      | Learned a level 2 spell: Sticks to Snakes
  1434 | D:2      | Reached skill level 5 in Unarmed Combat
  1434 | D:2      | Reached XP level 4. HP: 20/35 MP: 7/7
  1763 | D:2      | Noticed Natasha
  1775 | D:2      | Killed Natasha
  2145 | D:2      | Noticed Natasha
  2159 | D:2      | Killed Natasha
  2159 | D:2      | Reached XP level 5. HP: 22/40 MP: 8/8
  2317 | D:2      | Noticed Natasha
  2326 | D:2      | Killed Natasha
  2518 | D:3      | Reached skill level 11 in Transmutations
  2518 | D:3      | Reached XP level 6. HP: 18/47 MP: 9/9
  2536 | D:3      | Splashed by a jelly's acid

Vault maps used:
D:1:      elethiomel_arrival_infinity_welcomes_careful_drivers
D:2:      uniq_natasha
D:3:      xom_butterflies, serial_bayou_pond_d

Skill      XL: |  1  2  3  4  5 |
---------------+----------------+-----
Unarmed Combat | 4 5 6 |  6.0
Transmutations | 11 | 11.9
Fighting       | |  1.1
Dodging        | |  1.7
Spellcasting   | |  2.0

Action                   |  1- 3 |  4- 6 || total
-------------------------+-------+-------++-------
Melee: Unarmed           |   140 |   100 ||   240
       Punch             |     2 |     1 ||     3
       Tailslap          |     7 |     6 ||    13
       Headbutt          |       |     1 ||     1
 Cast: Beastly Appendage |       |     2 ||     2
  Use: Scroll            |       |     6 ||     6
       Potion            |       |     3 ||     3
 Stab: Sleeping          |       |     1 ||     1
  Eat: Chunk             |     2 |     3 ||     5
Armor: Skin              |    50 |    17 ||    67
Dodge: Dodged            |    94 |    63 ||   157

Table legend:
 A = Spawn XP
 B = Non-spawn XP
 C = Spawn XP percentage of total XP
 D = Spawn monster count
 E = Non-spawn monster count
 F = Spawn count percentage of total count
 G = Total turns spent on level
                    A         B        C        D         E        F      G
               +---------+---------+-------+---------+---------+-------+---------
         Total |       0 |     265 |   0.0 |       0 |      48 |   0.0 |  2536
               +---------+---------+-------+---------+---------+-------+---------
           D:1 |       0 |      22 |   0.0 |       0 |      13 |   0.0 |   860
           D:2 |       0 |     218 |   0.0 |       0 |      29 |   0.0 |  1491
           D:3 |       0 |      25 |   0.0 |       0 |       6 |   0.0 |   185
               +---------+---------+-------+---------+---------+-------+---------
